 Dungeon Crawl Stone Soup version 0.31-a0-836-g3ceb0a68c4 (webtiles) character file.

Game seed: 1626026118542076315

223 lunkers the Ruffian (level 6, 0/47 HPs)
             Began as a Meteoran Shapeshifter on Sept 26, 2023.
             Succumbed to a kobold's poison
             ... in a sewer.
             The game lasted 00:02:31 (1138 turns).

lunkers the Ruffian (Meteoran Shapeshifter)         Turns: 1138, Time: 00:02:31

Health: 0/47       AC:  5    Str: 13 (16) XL:     6   Next: 44%
Magic:  7/7        EV: 11    Int:  9 (12) God:
Gold:   64         SH:  0    Dex: 13 (15) Spells: 5/5 levels left

rFire   . .          .
                       - Unarmed
rCold   . . .        (no shield)
rNeg    . . .        k - +0 ring mail
rPois   .            (helmet currently unavailable)
rElec   .            (cloak currently unavailable)
rCorr   .            (gloves currently unavailable)
SInv    .            (boots currently unavailable)
Will    +....        (no amulet)
Stlth   +            (no ring)
HPRegen 0.27/turn    (no ring)
MPRegen 0.10/turn

%: no passive effects
@: brilliant, lethally poisoned (0 -> -1), beast-form, enlightened, flying,
glowing
A: beast (slay +2), sense surroundings 1, otherworldly, glowing, explore regen
a: Begin Untransformation


You were in a sewer.
You were a hulking beast.
You visited 1 branch of the dungeon, and saw 3 of its levels.
You also visited: Sewer.

You collected 64 gold pieces.

Inventory:

Hand Weapons
 i - the +5 mace of the Dead {freeze, rF+}
   (You found it on level 2 of the Dungeon)

   rF+:       It protects you from fire.
Armour
 a - a +0 animal skin
 k - a +0 ring mail (worn)
 p - a +0 cloak
Jewellery
 h - a ring of magical power
Talismans
 c - a beast talisman (active)
 d - a flux talisman
Scrolls
 e - 3 scrolls of identify {unknown}
 f - a scroll of vulnerability {unknown}
 j - a scroll of torment {unknown}
 l - a scroll of brand weapon {unknown}
 m - 2 scrolls of blinking {unknown}
 n - a scroll of fear {unknown}
 r - a scroll of enchant armour {unknown}


   Skills:
 - Level 1.1 Fighting
 - Level 2.1 Dodging
 * Level 6.7 Unarmed Combat
 + Level 5.1 Shapeshifting


You had 5 spell levels left.
You didn't know any spells.
Your spell library contained the following spells:

 Spells                   Type           Power      Damage    Failure   Level
 Sublimation of Blood     Necr           0%         N/A       80%         2
 Wereblood                Tmut           0%         N/A       80%         2
 Inner Flame              Hex/Fire       0%         N/A       95%         3
 Yara's Violent Unravell  Hex/Tmut       0%         3d3       100%        5
 Enfeeble                 Hex            0%         N/A       100%        7
 Summon Hydra             Summ           0%         N/A       100%        7


Dungeon Overview and Level Annotations

Branches:
Dungeon (3/15) Zot: 787     Sewer (1/1) Zot: 467

Altars:
Qazlal


Innate Abilities, Weirdness & Mutations

You are a hulking beast.
Your limbs bulge with bestial killing power. (Slay +2)
You passively map a small area around you.
You are easily found by Zot.
You glow in the dark.
You regain HP and MP as you explore.


Message History

You feel sick.
You feel sick.
The kobold throws a poisoned dart.
The poisoned dart hits you!
You feel sick.
You feel sick.
You feel sick.
You feel sick.
You feel sick.
The kobold throws a poisoned dart.
The poisoned dart hits you!
You feel less wooden.
Your +0 ring mail unmelds from your body.
You turn into a hulking beast.
You feel sick.
You are no longer poisoned.
You enter the shallow water.
Moving in this stuff is going to be slow.
You see here a +0 club.
The kobold throws a poisoned dart.
The poisoned dart hits you!
You are lethally poisoned!
Things that are here:
a +0 whip; 5 stones
* * * LOW HITPOINT WARNING * * *
You feel very sick.
It was a potion of enlightenment.
You feel very buoyant.
You fly up into the air.
* * * LOW HITPOINT WARNING * * *
You feel sick.
It was a potion of degeneration.
There was something very wrong with that liquid.
You feel weakened.
You feel dopey.
You feel clumsy.
* * * LOW HITPOINT WARNING * * *
You feel sick.
It was a potion of brilliance.
You feel clever all of a sudden.
* * * LOW HITPOINT WARNING * * *
You feel sick.
* * * LOW HITPOINT WARNING * * *
You feel sick.
* * * LOW HITPOINT WARNING * * *
You feel sick.
You closely miss the kobold.
You die...

** _* , ### *, #∩#
############ ** ,
###.###.....~~~..# ,##
#......~.~~~~~~..#,..#.#*
~~~~~~~~~~~~≈≈≈K~#....##
≈≈≈≈≈≈≈≈≈≈≈≈≈≈≈~h......#
~~~~≈~~~~~~~≈≈≈~~#.....#
#......~~.~~~))..#,.~..#
#######~~~~~.)~~.#, ≈~.#
##~######### , .## #~# *
*# #~# * #~# #~#


You could see a kobold.

Vanquished Creatures
  A kobold brigand (Sewer)
  Natasha (twice) (D:2)
  An orc wizard (D:3)
  An adder (D:3)
  2 river rats
  A dart slug (D:3)
  6 orcs (D:3)
  3 ball pythons (D:3)
  3 bats
  4 endoplasms
  A giant cockroach (D:2)
  2 goblins
  5 hobgoblins
  A jackal (Sewer)
  2 quokkas
  10 kobolds
  5 rats
50 creatures vanquished.

Notes
Turn   | Place    | Note
-------+----------+-------------------------------------------
     0 | D:1      | lunkers the Meteoran Shapeshifter began the quest for the
                  | Orb.
     0 | D:1      | Reached XP level 1. HP: 16/16 MP: 2/2
   324 | D:2      | Reached skill level 4 in Unarmed Combat
   324 | D:2      | Reached XP level 2. HP: 17/23 MP: 3/3
   406 | D:2      | Identified the +5 mace of the Dead {freeze, rF+}
   426 | D:2      | Noticed Natasha
   434 | D:2      | Killed Natasha
   435 | D:2      | Reached XP level 3. HP: 24/28 MP: 4/4
   640 | D:2      | Noticed Natasha
   650 | D:2      | Killed Natasha
   651 | D:2      | Reached skill level 5 in Unarmed Combat
   651 | D:2      | Reached XP level 4. HP: 22/35 MP: 5/5
   680 | D:3      | Found a stormy altar of Qazlal.
   698 | D:3      | Reached XP level 5. HP: 29/40 MP: 6/6
   949 | D:3      | Found a glowing drain.
   954 | D:3      | Reached skill level 6 in Unarmed Combat
  1020 | Sewer    | Entered a sewer
  1083 | Sewer    | Noticed a kobold brigand
  1097 | Sewer    | Killed a kobold brigand
  1098 | Sewer    | Reached skill level 5 in Shapeshifting
  1098 | Sewer    | Reached XP level 6. HP: 38/47 MP: 7/7
  1134 | Sewer    | HP: 2/47 [poisoned by a kobold]
  1138 | Sewer    | Succumbed to a kobold's poison

Illustrated notes

Levels and vault maps discovered:
D:1:      dpeg_arrival_shrine, layout_basic,
          hellmonk_ecumenical_altar_heavens_door,
          chequers_serial_rivers_micro_b, due_unseen_surprise
D:2:      wad_pebble_path, layout_rooms, uniq_crazy_yiuf_cottage, uniq_natasha
D:3:      layout_loops_ring, nicolae_qazlal_scattered_showers,
          cheibrodos_sewer_entry_sluice
Sewer:    sewer_kobolds

Skill      XL: |  1  2  3  4  5 |
---------------+----------------+-----
Unarmed Combat | 4 5 6 |  6.7
Shapeshifting  | 4 5 |  5.1
Fighting       | |  1.1
Dodging        | |  2.1

Action                     |  1- 3 |  4- 6 || total
---------------------------+-------+-------++-------
  Melee: Unarmed           |    38 |    90 ||   128
         Punch             |       |     3 ||     3
    Use: Potion            |       |     4 ||     4
 Armour: Animal skin       |    11 |       ||    11
         Ring mail         |     6 |    56 ||    62
         Skin              |       |     9 ||     9
  Dodge: Dodged            |    16 |    57 ||    73

Table legend: (Time is in decaauts)
 A = Elapsed time spent in this place.
 B = Non-inter-level travel time spent in this place.
 C = Inter-level travel time spent in this place.
 D = Time resting spent in this place.
 E = Time spent auto-exploring this place.
 F = Levels seen in this place.
 G = Mean time per level.
                   A        B        C        D        E       F      G
               +--------+--------+--------+--------+--------+-----+--------+
         Total |   1145 |   1095 |     50 |      0 |    726 |   4 |  286.2 |
       Dungeon |   1013 |    963 |     50 |      0 |    667 |   3 |  337.7 |
         Sewer |    132 |    132 |      0 |      0 |     58 |   1 |  132.0 |
               +--------+--------+--------+--------+--------+-----+--------+

Top non-repeatable levels by time:
     D:3: 358 daAuts
     D:2: 344 daAuts
     D:1: 310 daAuts
   Sewer: 132 daAuts
